 Dungeon Crawl Stone Soup version 0.25-a0-404-gc1b5a34292 (webtiles) character file.

Game seed: 6250780852145829969, levelgen mode: deterministic

73861 parsl3y the Warrior (level 15, 0/116 HPs)
             Began as a Merfolk Gladiator on Jan 12, 2020.
             Was a High Priest of Hepliaklqana.
             Slain by a two-headed ogre
             ... wielding a +0 giant club
              (6 damage)
             ... on level 1 of the Orcish Mines.
             The game lasted 02:22:04 (27096 turns).

parsl3y the Warrior (Merfolk Gladiator)            Turns: 27096, Time: 02:22:04

Health: 0/116      AC: 16    Str: 15    XL:     15   Next: 44%
Magic:  0/19       EV: 19    Int: 11    God:    Hepliaklqana [*****.]
Gold:   1898       SH: 14    Dex: 21    Spells: 12/14 levels left

rFire    . . .     SeeInvis .   a - +1 trident
rCold    . . .     Gourm    .   x - +0 shield
rNeg     . . .     Faith    .   i - +1 ring mail {MR+}
rPois    .         Spirit   +   Z - +1 hat {Int+3}
rElec    .         Reflect  .   n - +2 cloak
rCorr    .         Harm     .   H - +1 pair of gloves
MR       +++..                  (no boots)
Stlth    +.........             O - amulet of guardian spirit
HPRegen  0.29/turn              c - +3 ring of protection
MPRegen  0.16/turn              k - ring of protection from magic

@: very slightly contaminated, lightly drained
A: change form in water, swift swim, stealthy swim, reduced essence
a: Recall Ancestor, Ancestor Identity, Transference, Idealise, Renounce Religion


You were on level 1 of the Orcish Mines.
You worshipped Hepliaklqana.
Hepliaklqana was extremely pleased with you.
You were not hungry.

You visited 4 branches of the dungeon, and saw 23 of its levels.
You also visited: Sewer.

You collected 1898 gold pieces.

Inventory:

Hand Weapons
 a - a +1 trident (weapon)
Missiles
 d - 5 throwing nets
 g - 6 silver javelins
 h - 21 boomerangs (quivered)
 R - 6 javelins
 W - 4 curare-tipped darts
Armour
 i - a +1 ring mail of magic resistance (worn)
 n - a +2 cloak (worn)
 x - a +0 shield (worn)
 H - a +1 pair of gloves (worn)
 Z - a +1 hat of intelligence (worn)
Jewellery
 c - a +3 ring of protection (left hand)
 e - an uncursed amulet of the acrobat
 k - a ring of protection from magic (right hand)
 m - an uncursed ring of resist corrosion
 O - an amulet of guardian spirit (around neck)
Wands
 y - a wand of flame (34)
 A - a wand of iceblast (30)
 D - a wand of digging (13)
 Q - a wand of disintegration (35)
 T - a wand of acid (15)
 X - a wand of paralysis (8)
Scrolls
 b - 2 scrolls of enchant weapon
 l - 3 scrolls of enchant armour
 o - a scroll of fear
 p - a scroll of holy word {unknown}
 q - 6 scrolls of fog
 r - a scroll of brand weapon {unknown}
 s - 2 scrolls of magic mapping
 u - 5 scrolls of teleportation
 v - 13 scrolls of remove curse
 B - a scroll of blinking
 C - 6 scrolls of amnesia
 I - a scroll of noise {unknown}
 P - a scroll of random uselessness {unknown}
 S - a scroll of acquirement {unknown}
 Y - 4 scrolls of silence
Potions
 j - 2 potions of mutation
 t - a potion of resistance
 w - 9 potions of curing
 z - 2 potions of might
 E - a potion of heal wounds
 F - 2 potions of agility
 G - 4 potions of flight
 K - 4 potions of haste
 L - 4 potions of brilliance
 M - a potion of magic
 N - 3 potions of invisibility
Miscellaneous
 J - a sack of spiders
Comestibles
 f - 46 rations
 U - 2 chunks of flesh


   Skills:
 + Level 15.2(14.8) Fighting
 - Level 14.0(13.6) Polearms
 - Level 6.0(5.7) Throwing
 - Level 4.0(3.7) Armour
 + Level 10.9(10.5) Dodging
 - Level 15.1(14.7) Shields
 - Level 6.0(5.7) Invocations
 - Level 6.0(5.6) Evocations


You had 12 spell levels left.
You knew the following spells:

 Your Spells              Type           Power        Failure   Level  Hunger
a - Blink                 Tloc           N/A          71%         2    ###....

Your spell library contained the following spells:

 Spells                   Type           Power        Failure   Level  Hunger
 Animate Skeleton         Necr           N/A          56%         1    ##.....
 Apportation              Tloc           #.....       56%         1    ##.....
 Corona                   Hex            #......      56%         1    ##.....
 Foxfire                  Conj/Fire      #...         56%         1    ##.....
 Magic Dart               Conj           #...         56%         1    ##.....
 Summon Small Mammal      Summ           #...         56%         1    ##.....
 Call Imp                 Summ           #.......     71%         2    ###....
 Slow                     Hex            #.......     71%         2    ###....
 Conjure Flame            Conj/Fire      #.......     90%         3    ####...
 Inner Flame              Hex/Fire       #.......     90%         3    ####...
 Mephitic Cloud           Conj/Pois/Air  #.......     90%         3    ####...
 Sticky Flame             Conj/Fire      #.......     100%        4    #####..
 Fireball                 Conj/Fire      #.........   100%        5    ######.
 Irradiate                Conj/Tmut      #.........   100%        5    ######.
 Hydra Form               Tmut           #.........   100%        6    #######
 Statue Form              Tmut/Erth      #........    100%        6    #######
 Dragon Form              Tmut           #.........   100%        7    #######


Dungeon Overview and Level Annotations

Branches:
Dungeon (14/15)            Temple (0/1) D:5            Lair (6/6) D:11
 Shoals (1/4) Lair:4        Snake (0/4) Lair:4        Slime (0/5) Lair:6
    Orc (2/2) D:12          Sewer (visited)
    Elf: Orc:2       Vaults: D:13-14

Altars:
Cheibriados
Elyvilon
Fedhas
Hepliaklqana
Trog
Uskayaw
Vehumet
Xom
Yredelemnul
Zin

Portals:
Abyss: D:7

Annotations:
D:7 2 transporters, Shadow153's ghost, novice MiFi
Lair:6 1 runed translucent door, kae's ghost, journeyman DrAE


Message History

You barely miss the two-headed ogre.
The two-headed ogre is severely wounded.
You hit the two-headed ogre but do no damage.
The two-headed ogre is severely wounded.
The two-headed ogre closely misses you.
The two-headed ogre hits you with a +0 giant club!
* * * LOW HITPOINT WARNING * * *
The two-headed ogre looks more healthy.
Remove which piece of jewellery? (? for menu, Esc to quit)
Okay, then.
Evoke which item? (* to show all) (? for menu, Esc to quit)
Aiming: Corrosive Bolt
Press: ? - help, Shift-Dir - straight line, f/p - two-headed ogre
Aim: a two-headed ogre, wielding two +0 giant clubs (severely wounded)
The bolt of acid hits the two-headed ogre!
The two-headed ogre is splashed with acid.
The acid corrodes the two-headed ogre!
The two-headed ogre is almost dead.
The two-headed ogre hits you with a +0 giant club.
You die...

### #@## #### #O.##
#..## ####...####...###
#.#....##.#.....##
###.......##.......##
#.#)[.#......###....#
#.)>)###....####...##
#.[.).#.......#.....###
###.......#........###.


You could see a two-headed ogre.

Vanquished Creatures
  Nikola (Shoals:1)
  Rupert (Orc:1)
  Gastronok (Lair:2)
  Erica (D:8)
  4 hydras
  A merfolk aquamancer (Shoals:1)
  A catoblepas (Lair:5)
  5 death yaks (Lair:6)
  3 two-headed ogres
  An unseen horror (D:13)
  2 deep trolls (Orc:1)
  3 sea snakes (Shoals:1)
  A phantasmal warrior (D:13)
  An orc knight (Orc:1)
  An oklob plant (Lair:5)
  4 ugly things
  A manticore (Shoals:1)
  6 slime creatures
  2 orc sorcerers
  An elephant (Lair:6)
  4 fauns (Shoals:1)
  2 centaur zombies
  A merfolk siren (Lair:4)
  5 black mambas
  A gargoyle (D:12)
  13 spiny frogs
  A rime drake (Lair:6)
  3 komodo dragons
  6 merfolk
  A queen bee (shapeshifter) (D:13)
  3 tyrant leeches (Lair:6)
  A wind drake (Shoals:1)
  2 polar bears
  The ghost of night the Stinger, an amateur DsVM (D:5)
  Grinder (D:5)
  7 trolls
  2 hornets
  23 blink frogs
  3 hippogriffs
  Sigmund (D:3)
  2 water elementals
  31 yaks
  Eustachio (D:6)
  2 basilisks
  3 vampire mosquitoes (Lair:6)
  3 wargs (Orc:1)
  2 acid dragons
  5 water moccasins
  3 ice beasts
  6 orc warriors
  4 porcupines
  A sky beast (D:10)
  An eye of draining (D:13)
  A necrophage (D:10)
  3 centaurs
  15 ogres
  12 wolves (Lair:6)
  4 crocodiles
  3 big kobolds
  14 bullfrogs
  12 killer bees
  4 scorpions
  6 wights
  6 electric eels
  5 crimson imps
  3 bullfrog zombies
  3 jellies
  3 centaur skeletons
  A bullfrog skeleton (D:6)
  Crazy Yiuf (D:5)
  15 orc priests
  3 hounds
  16 orc wizards
  2 iguanas
  3 hexers
  10 worker ants
  A hound zombie (D:6)
  3 hound skeletons
  A howler monkey zombie (D:9)
  3 gnolls (D:4)
  17 adders
  7 river rats (Sewer)
  A shadow imp (D:13)
  2 adder skeletons
  2 worms (D:4)
  A dart slug (D:1)
  2 leopard geckos (D:5)
  51 orcs
  7 bats
  3 giant cockroaches
  5 goblins
  6 hobgoblins
  22 jackals
  21 kobolds
  3 quokkas
  5 ball pythons (Sewer)
  3 frilled lizards
  25 rats
  2 fungi (Lair:5)
524 creatures vanquished.

Vanquished Creatures (collateral kills)
  Fannar (Lair:2)
  A hydra (Lair:5)
  A centaur warrior (D:13)
  A two-headed ogre (D:11)
  A catoblepas (Lair:6)
  A tengu warrior (D:13)
  An orc knight (Orc:1)
  An oklob plant (Lair:6)
  A faun (Shoals:1)
  A deep elf mage (D:13)
  A cyclops (Orc:1)
  2 elephants (Lair:6)
  A black mamba (Lair:6)
  A gargoyle (D:12)
  A centaur skeleton (D:12)
  4 spiny frogs (Lair:6)
  A komodo dragon (Lair:3)
  A merfolk (Shoals:1)
  A tyrant leech (Lair:6)
  A hornet (Lair:5)
  2 slime creatures (D:12)
  4 blink frogs
  2 snapping turtles (Shoals:1)
  A wyvern (Lair:2)
  2 yaks
  3 vampire mosquitoes
  A hungry ghost (D:7)
  A sky beast (D:7)
  3 orc warriors
  2 ogres (Orc:1)
  2 wolves (Lair:6)
  3 crocodiles
  9 bullfrogs
  2 scorpions
  A killer bee (D:10)
  A wight (D:12)
  A howler monkey (D:14)
  3 orc priests
  2 hounds
  An iguana (D:5)
  3 orc wizards
  A worker ant (D:12)
  A river rat (D:4)
  4 adders
  A shadow imp (D:5)
  2 worms
  16 orcs
  2 jackals
  5 kobolds
  A quokka (D:7)
  4 plants
110 creatures vanquished.

Vanquished Creatures (others)
  A manticore (Shoals:1)
  32 hexers
  An adder (D:11)
  2 ancestors
  13 fungi
  53 plants (Lair:6)
  4 tentacles (Shoals:1)
106 creatures vanquished.

Grand Total: 740 creatures vanquished

Notes
Turn   | Place    | Note
-------+----------+-------------------------------------------
     0 | D:1      | parsl3y the Merfolk Gladiator began the quest for the Orb.
     0 | D:1      | Reached XP level 1. HP: 16/16 MP: 1/1
   176 | D:1      | Reached skill level 5 in Polearms
   176 | D:1      | Reached XP level 2. HP: 23/23 MP: 2/2
   683 | D:1      | You fall into a shaft and drop 1 floor!
  1003 | D:2      | Reached XP level 3. HP: 20/28 MP: 3/3
  1240 | D:2      | You fall into a shaft and drop 1 floor!
  1242 | D:3      | Noticed Sigmund
  1725 | D:3      | Killed Sigmund
  1725 | D:3      | Reached XP level 4. HP: 27/37 MP: 4/4
  1725 | D:3      | Reached XP level 5. HP: 31/42 MP: 5/5
  1912 | D:3      | Reached XP level 6. HP: 48/48 MP: 6/6
  2135 | D:3      | Found a bloodstained altar of Trog.
  2138 | D:3      | Found a hazy altar of Hepliaklqana.
  2145 | D:3      | Found a basalt altar of Yredelemnul.
  2155 | D:3      | Found a snail-covered altar of Cheibriados.
  2155 | D:3      | Found a radiant altar of Vehumet.
  2161 | D:3      | Found a hide-covered altar of Uskayaw.
  2276 | D:3      | Became a worshipper of Hepliaklqana the Forgotten
  2843 | D:4      | Reached * piety under Hepliaklqana
  2954 | D:4      | Reached XP level 7. HP: 48/49 MP: 7/7
  3010 | D:4      | Found a glowing drain.
  3014 | Sewer    | Entered a sewer
  3167 | Sewer    | Reached skill level 5 in Fighting
  3355 | Sewer    | Reached skill level 10 in Polearms
  4365 | D:5      | Entered Level 5 of the Dungeon
  4465 | D:5      | Reached XP level 8. HP: 39/57 MP: 8/8
  4550 | D:5      | Noticed Grinder
  4558 | D:5      | Killed Grinder
  4592 | D:5      | Found a runed translucent door.
  4676 | D:5      | Noticed night's ghost (amateur DsVM)
  4693 | D:5      | Found a runed translucent door.
  4697 | D:5      | Reached ** piety under Hepliaklqana
  4698 | D:5      | Remembered your ancestor monkee as a hexer
  4699 | D:5      | Found a staircase to the Ecumenical Temple.
  4745 | D:5      | Killed night's ghost
  4860 | D:5      | Found a white marble altar of Elyvilon.
  4861 | D:5      | Found a glowing silver altar of Zin.
  4983 | D:5      | Found a runed translucent door.
  4984 | D:5      | Noticed Crazy Yiuf
  5010 | D:5      | Reached XP level 9. HP: 64/64 MP: 9/9
  5203 | D:5      | Killed Crazy Yiuf
  5365 | D:6      | Noticed Eustachio
  5375 | D:6      | Killed Eustachio
  5471 | D:6      | Found a blossoming altar of Fedhas.
  5991 | D:7      | Found a transporter.
  6005 | D:7      | Found a one-way gate to the infinite horrors of the Abyss.
  6005 | D:7      | Identified the +7 rapier of Extermination {distort, +Rage}
  6005 | D:7      | Noticed Shadow153's ghost (novice MiFi)
  6032 | D:7      | Reached skill level 1 in Shields
  6123 | D:7      | Noticed a brown ugly thing
  6203 | D:7      | Reached *** piety under Hepliaklqana
  6345 | D:7      | Found a transporter.
  7274 | D:8      | Reached XP level 10. HP: 73/73 MP: 10/10
  7599 | D:8      | Noticed Erica
  7618 | D:8      | Killed Erica
  7618 | D:8      | Reached skill level 5 in Shields
  7646 | D:8      | Got a wizard robe
  7925 | D:8      | Identified the cursed +1 robe "Jiempefa" {rElec rPois
                  | Str-5} (You found it on level 8 of the Dungeon)
  8006 | D:9      | Reached **** piety under Hepliaklqana
  8638 | D:10     | Entered Level 10 of the Dungeon
  8740 | D:10     | Noticed a cyan ugly thing
  8757 | D:10     | Killed a cyan ugly thing
  9455 | D:10     | Reached skill level 5 in Throwing
  9478 | D:10     | Reached ***** piety under Hepliaklqana
  9772 | D:10     | Reached skill level 10 in Fighting
  9796 | D:10     | Reached XP level 11. HP: 81/81 MP: 11/11
  9816 | D:11     | Noticed a red ugly thing
  9917 | D:10     | Killed a red ugly thing
 10476 | D:11     | Noticed a green ugly thing
 10485 | D:11     | Noticed a green ugly thing
 10503 | D:10     | Killed a green ugly thing
 10628 | D:11     | Killed a green ugly thing
 11083 | D:11     | Noticed a two-headed ogre
 11115 | D:11     | Killed a two-headed ogre
 11115 | D:11     | Reached skill level 1 in Armour
 11127 | D:11     | Reached skill level 10 in Shields
 12068 | D:11     | Noticed a two-headed ogre
 12074 | D:11     | Killed a two-headed ogre
 12105 | D:11     | Found a staircase to the Lair.
 12160 | D:12     | Reached XP level 12. HP: 56/90 MP: 12/12
 12188 | D:12     | Found a staircase to the Orcish Mines.
 13080 | D:12     | Found a bloodstained altar of Trog.
 13582 | D:12     | Noticed a two-headed ogre
 13588 | D:12     | Killed a two-headed ogre
 13875 | D:13     | Noticed a centaur warrior
 13894 | D:13     | Killed a centaur warrior
 14021 | D:13     | Reached skill level 1 in Invocations
 14794 | D:13     | Noticed a tengu warrior
 14808 | D:13     | Killed a tengu warrior
 14971 | D:14     | Noticed a centaur warrior
 14973 | D:14     | Noticed a death knight
 15353 | Lair:1   | Entered Level 1 of the Lair of Beasts
 15657 | Lair:1   | Learned a level 2 spell: Blink
 15710 | Lair:1   | Reached XP level 13. HP: 89/98 MP: 12/14
 16387 | Lair:2   | Noticed Fannar
 16411 | Lair:2   | Killed Fannar
 16490 | Lair:2   | Noticed Gastronok
 16519 | Lair:2   | Killed Gastronok
 17387 | Lair:3   | Reached ****** piety under Hepliaklqana
 17883 | Lair:4   | Reached skill level 5 in Invocations
 18026 | Lair:4   | Found a staircase to the Snake Pit.
 18252 | Lair:4   | Found a staircase to the Shoals.
 18693 | Lair:5   | Found a blossoming altar of Fedhas.
 19542 | Lair:6   | Entered Level 6 of the Lair of Beasts
 19585 | Lair:6   | Reached XP level 14. HP: 91/106 MP: 12/18
 19603 | Lair:6   | Found a runed translucent door.
 19606 | Lair:6   | Found a shimmering altar of Xom.
 19606 | Lair:6   | Noticed kae's ghost (journeyman DrAE)
 19607 | Lair:6   | Identified the +12 great sword of Noetamis {chaos, rC-
                  | Str+6 Dex-5}
 19635 | Lair:6   | Reached skill level 5 in Dodging
 20857 | Lair:6   | Reached skill level 15 in Shields
 21594 | Lair:6   | Reached skill level 1 in Evocations
 21978 | Lair:6   | Found a staircase to the Slime Pits.
 23267 | Shoals:1 | Entered Level 1 of the Shoals
 24072 | Shoals:1 | Reached skill level 5 in Evocations
 24147 | Shoals:1 | Reached XP level 15. HP: 80/114 MP: 17/19
 24151 | Shoals:1 | Noticed Nikola
 24173 | Shoals:1 | Killed Nikola
 24866 | Shoals:1 | Noticed a kraken
 24881 | Shoals:1 | HP: 5/114 [kraken (29)]
 25098 | Orc:1    | Entered Level 1 of the Orcish Mines
 25105 | Orc:1    | Found a radiant altar of Vehumet.
 25406 | Orc:2    | Entered Level 2 of the Orcish Mines
 25406 | Orc:2    | Noticed Rupert
 25438 | Orc:1    | Killed Rupert
 25438 | Orc:1    | Reached skill level 10 in Dodging
 25986 | Orc:1    | Reached skill level 15 in Fighting
 27091 | Orc:1    | HP: 5/116 [two-headed ogre/+0 giant club (10)]
 27096 | Orc:1    | Slain by a two-headed ogre

Levels and vault maps discovered:
D:1:      lemuel_arrival_behind_the_door_large, layout_basic
D:2:      layout_basic
D:3:      layout_basic, minitemple, uniq_sigmund
D:4:      layout_basic, gup_sewer_entry_spiral,
          hangedman_abyss_or_decor_jellyfish_corner,
          minmay_misc_feat_more_columns, minmay_hedge_maze, chequers_big_river,
          kennysheep_generic_room_8
D:5:      layout_cave_pools, gammafunk_temple_overflow_pools,
          minmay_temple_entry_sparse_star, first_ration, ebering_ghost_sewer_f,
          uniq_grinder, uniq_crazy_yiuf_cottage
D:6:      layout_loops_cross, basic_altar, serial_bayou_ford_a, uniq_eustachio
D:7:      layout_cave_pods, gammafunk_ghost_abyssal_escape
D:8:      layout_basic, serial_rivers, chequers_serial_rivers_large_a,
          chequers_serial_rivers_micro_a, chequers_serial_rivers_micro_c,
          chequers_serial_rivers_small_a, uniq_erica
D:9:      layout_basic
D:10:     layout_loops_corners
D:11:     layout_big_octagon, grunt_lair_entry_orc_guard_hut
D:12:     layout_loops_corners, orc_0_dummy, minivault_14, hangedman_fish_farm,
          hangedman_abyss_or_decor_lesser_grid, bloody_trog
D:13:     cheibrodos_quadrivalence, layout_layer_cave
D:14:     hangedman_cross_veins, layout_cave_pools, grunt_vaults_entry_tiered,
          portal_ice_cave_entry_ice_beasts
Lair:1:   layout_cave_pods
Lair:2:   layout_hall_layers, uniq_fannar, uniq_gastronok
Lair:3:   layout_cave_shapes
Lair:4:   layout_loops_ring, minmay_shoals_entry_lonely_mermaid,
          dummy_snake_entry
Lair:5:   minmay_lair_venomous_thicket, layout_regular_city, tgw_fedhas
Lair:6:   minmay_lair_end_frog_pond, layout_long_grid,
          minmay_slime_entry_oklob_open, ebering_ghost_xom
Shoals:1: layout_shoals, uniq_nikola
Orc:1:    layout_diamond_mine, basic_altar
Orc:2:    st_orc_open, layout_caves, uniq_rupert

Skill      XL: |  1  2  3  4  5  6  7  8  9 10 11 12 13 14 15 |
---------------+----------------------------------------------+-----
Polearms       | 5 7 8 9 11 13 14 | 14.0
Fighting       | 4 5 7 8 10 11 12 13 14 15 | 15.2
Shields        | 4 8 10 12 14 15 | 15.1
Throwing       | 5 6 |  6.0
Armour         | 2 4 |  4.0
Invocations    | 2 6 |  6.0
Dodging        | 8 10 | 10.9
Evocations     | 5 6 |  6.0

Action                   |  1- 3 |  4- 6 |  7- 9 | 10-12 | 13-15 || total
-------------------------+-------+-------+-------+-------+-------++-------
Melee: Trident           |    98 |    89 |   504 |   927 |  1697 ||  3315
       Tailslap          |       |     2 |     9 |     3 |    40 ||    54
Throw: Dart              |     8 |    13 |    24 |    45 |    52 ||   142
       Throwing net      |     1 |       |       |     2 |       ||     3
       Boomerang         |       |       |       |    34 |    58 ||    92
       Javelin           |       |       |       |     7 |       ||     7
Invok: Ancestor Identity |       |     1 |     1 |       |       ||     2
       Recall Ancestor   |       |       |     1 |     5 |     8 ||    14
       Ancestor Life: He |       |       |     1 |       |       ||     1
       Idealise          |       |       |       |     2 |     5 ||     7
       Transference      |       |       |       |       |    13 ||    13
Evoke: Wand              |       |       |     1 |     8 |    12 ||    21
  Use: Scroll            |     3 |       |       |    26 |    11 ||    40
       Potion            |       |       |       |    10 |    14 ||    24
 Stab: Sleeping          |     1 |     1 |       |       |       ||     2
       Held in net/web   |     1 |       |       |     2 |       ||     3
       Distracted        |       |     2 |     6 |    13 |    18 ||    39
       Confused          |       |       |     5 |     3 |    40 ||    48
       Invisible         |       |       |       |       |     1 ||     1
       Paralysed         |       |       |       |       |    41 ||    41
  Eat: Chunk             |     2 |     4 |    15 |    18 |    22 ||    61
       Ration            |       |       |       |     3 |     4 ||     7
Armor: Leather armour    |    18 |     3 |       |       |       ||    21
       Ring mail         |       |    11 |    78 |    29 |   230 ||   348
       Scale mail        |       |       |    32 |    70 |       ||   102
Dodge: Dodged            |    54 |    34 |   194 |   157 |   599 ||  1038
Block: Shield            |       |       |    23 |   265 |   855 ||  1143

Table legend:
 A = Non-vault XP
 B = Vault XP
 C = Vault XP percentage of total XP
 D = Non-vault monster count
 E = Vault monster count
 F = Vault count percentage of total count
                 A         B        C        D         E       F
            +---------+---------+-------+---------+---------+-------
      Total |   72279 |   33238 |  31.5 |     474 |     153 |  24.4
            +---------+---------+-------+---------+---------+-------
        D:1 |      22 |       0 |   0.0 |      12 |       0 |   0.0
        D:2 |      35 |       0 |   0.0 |      11 |       0 |   0.0
        D:3 |      80 |     238 |  74.8 |      17 |       1 |   5.6
        D:4 |     314 |      46 |  12.8 |      16 |       8 |  33.3
        D:5 |     726 |     704 |  49.2 |      31 |       8 |  20.5
        D:6 |     417 |     202 |  32.6 |      18 |       1 |   5.3
        D:7 |    1096 |       0 |   0.0 |      24 |       0 |   0.0
        D:8 |     633 |     934 |  59.6 |      17 |       1 |   5.6
        D:9 |    1110 |       0 |   0.0 |      23 |       0 |   0.0
       D:10 |    6029 |       0 |   0.0 |      45 |       0 |   0.0
       D:11 |    5000 |     353 |   6.6 |      39 |       4 |   9.3
       D:12 |    7465 |     309 |   4.0 |      40 |       1 |   2.4
       D:13 |    5187 |       0 |   0.0 |      16 |       0 |   0.0
       D:14 |      97 |       0 |   0.0 |       2 |       0 |   0.0
     Lair:1 |    2265 |       0 |   0.0 |      13 |       0 |   0.0
     Lair:2 |    1889 |    3381 |  64.2 |      10 |       2 |  16.7
     Lair:3 |     966 |       0 |   0.0 |       4 |       0 |   0.0
     Lair:4 |    5649 |     466 |   7.6 |      16 |       1 |   5.9
     Lair:5 |    6081 |    1504 |  19.8 |      16 |      13 |  44.8
     Lair:6 |   12557 |   13344 |  51.5 |      38 |      48 |  55.8
   Shoals:1 |    9684 |    3622 |  27.2 |      21 |       1 |   4.5
      Orc:1 |    3461 |    7394 |  68.1 |      25 |      11 |  30.6
      Orc:2 |    1516 |     474 |  23.8 |      20 |       5 |  20.0
      Sewer |       0 |     267 | 100.0 |       0 |      48 | 100.0
            +---------+---------+-------+---------+---------+-------
